 Dungeon Crawl Stone Soup version 0.29.0-7-g18a832c13a (webtiles) character file.

Game seed: 12824887090087599533

2 flotson the Sneak (level 1, -5/18 HPs)
             Began as a Demonspawn Delver on Aug 31, 2022.
             Killed from afar by an orc wizard (7 damage)
             ... with a magic dart
             ... on level 4 of the Dungeon.
             The game lasted 00:01:22 (88 turns).

flotson the Sneak (Demonspawn Delver)                 Turns: 88, Time: 00:01:23

Health: -5/18      AC:  5    Str: 12    XL:     1   Next: 25%
Magic:  1/1        EV: 25    Int: 11    God:
Gold:   0          SH:  0    Dex: 14    Spells: 0/0 levels left

rFire   . . .      SeeInvis .   a - +0 hand axe
rCold   . . .      Faith    .   (no shield)
rNeg    . . .      Spirit   .   h - +0 ring mail
rPois   .          Reflect  .   (no helmet)
rElec   .          Harm     .   (no cloak)
rCorr   .          Rampage  .   (no gloves)
Will    .....                   (no boots)
Stlth   ++........              b - amulet of the acrobat
HPRegen 0.06/turn               (no ring)
MPRegen 0.07/turn               (no ring)

@: acrobatic, hasted, very quick
A: no striking features
a: no special abilities


You were on level 4 of the Dungeon.
You visited 1 branch of the dungeon, and saw 2 of its levels.

Inventory:

Hand Weapons
 a - a +0 hand axe (weapon)
Armour
 h - a +0 ring mail (worn)
Jewellery
 b - an amulet of the acrobat (around neck)
Wands
 g - a wand of digging (1)
Scrolls
 c - a scroll of fog


   Skills:
 + Level 3.0 Fighting
 + Level 1.8 Axes
 + Level 0.1 Armour
 + Level 1.8 Dodging
 - Level 4.5 Stealth
 + Level 0.1 Evocations


You couldn't memorise any spells.
You didn't know any spells.
Your spell library was empty.

Dungeon Overview and Level Annotations

Branches:
Dungeon (5/15)
 Temple: D:4-7

Altars:

Annotations:
D:4 Robin


Message History

The puff of flame hits you.
You closely miss something. You hit the orc.
You kill the orc!
You miss the phantom. You closely miss the orc.
You feel less confused. The orc closely misses you.
The phantom barely misses you. The orc wizard casts a spell at you.
The puff of flame hits you.
* * * LOW HITPOINT WARNING * * *
The adder completely misses you.
You hear some strange, mumbled words.
A puff of flame appears from out of thin air!
The puff of flame misses you. The phantom misses you. The orc misses you.
Unknown command.
Robin and a goblin come into view.
Robin is wielding a +0 spear, wearing the +1 helmet of Thoughtfulness {Harm Int+3 Stlth-} and carrying a wand of quicksilver (4).
A goblin comes into view. It is wielding a +0 club.
Aiming: Dig
Press: ? - help, Shift-Dir - straight line The rock shatters into small pieces.
The goblin shouts!
You hear a shout!
The adder bites you but does no damage.
A hobgoblin comes into view.
The hobgoblin shouts!
Robin roars a battlecry!
The goblins go into a battle-frenzy!
A goblin comes into view. It is wielding a +0 dagger. x2
Robin throws the goblin at you!
The goblin shouts!
Aiming: Dig
Press: ? - help, Shift-Dir - straight line A rock wall.
The rock shatters into small pieces.
A kobold comes into view. It is wielding a +0 whip.
Found 15 gold pieces.
The kobold shouts!
The kobold throws a stone.
The stone hits you but does no damage. The orc wizard casts a spell at you.
The magic dart hits you!
You die...

*,*,*,,,,,,,*,,,,,*,*,,,,,,,,,,,
*,*,*,*****,*,...,*,*,,,,,,,,,,,
*,*,*,*,,,*,*,#.#,,,*,,,,,,,,,,,
*,*,*,*,***,*,#.#########****+**
*,*,*+*,,<,,#,#...........* *,*
*,*,,,,****##.#...........* *,**
*,*,,,,,,,,,..#...K.......* *,,,
*,*,,,,*######............* *,,,
*,*,,,,,.......@..........* *,,,
*,***,,,..#####.....$.....***,,,
*,,,,,,,,.................,,,,,,
*****,,,,.########.######*......
*,,,,,* ##.## #...... *******
##o## #.....g ##g## #....g.
##.###..g.g. ##g##......


You could see an orc wizard, a goblin (strong) and a kobold.

Vanquished Creatures
  An orc (D:4)
1 creature vanquished.

Notes
Turn   | Place    | Note
-------+----------+-------------------------------------------
     0 | D:5      | flotson the Demonspawn Delver began the quest for the Orb.
     0 | D:5      | Reached XP level 1. HP: 18/18 MP: 1/1
    52 | D:4      | Noticed an orc priest
    52 | D:4      | Noticed an orc wizard
    52 | D:4      | Noticed an orc wizard
    52 | D:4      | Noticed a phantom
    60 | D:4      | Noticed an orc wizard
    74 | D:4      | Identified the +1 helmet of Thoughtfulness {Harm Int+3
                  | Stlth-}
    74 | D:4      | Noticed Robin
    88 | D:4      | Killed from afar by an orc wizard

Illustrated notes

Levels and vault maps discovered:
D:4:      layout_basic, uniq_robin
D:5:      layout_gridville, okawaru_trees_2, uniq_eustachio, uniq_prince_ribbit1

Action                   || total
-------------------------++-------
Melee: Hand axe          ||     3
Evoke: Wand              ||     2
  Use: Scroll            ||     2
       Potion            ||     1
Armor: Ring mail         ||     7
Dodge: Dodged            ||     9
